 Dungeon Crawl Stone Soup version 0.27.1-33-g824d729ab1 (webtiles) character file.

Game seed: 18021926733802852430

1624 MisterFreud the Twirler (level 8, 0/57 HPs)
             Began as a Gnoll Wanderer on Dec 23, 2021.
             Was a Follower of Hepliaklqana.
             Slain by a troll (5 damage)
             ... on level 6 of the Dungeon.
             The game lasted 00:08:00 (7604 turns).

MisterFreud the Twirler (Gnoll Wanderer)            Turns: 7604, Time: 00:08:02

Health: 0/57       AC:  4    Str: 13    XL:     8   Next: 97%
Magic:  0/13       EV: 14    Int: 10    God:    Hepliaklqana [*.....]
Gold:   103        SH:  0    Dex: 14    Spells: 14/14 levels left

rFire    . . .     SeeInvis .   a - +2 quarterstaff
rCold    . . .     Faith    .   (shield currently unavailable)
rNeg     . . .     Spirit   +   d - +0 robe
rPois    .         Reflect  .   (no helmet)
rElec    .         Harm     .   m - scarf {+Inv}
rCorr    .         Rampage  .   i - +0 pair of gloves
Will     .....                  B - +0 pair of boots
Stlth    +++.......             y - amulet of guardian spirit
HPRegen  0.19/turn              (no ring)
MPRegen  0.13/turn              (no ring)

@: no status effects
A: reduced essence, fangs 1, strong nose, distributed training
a: Renounce Religion, Evoke Invisibility, Recall Ancestor, Ancestor Identity


You were on level 6 of the Dungeon.
You worshipped Hepliaklqana.
Hepliaklqana was aware of your devotion.
You visited 2 branches of the dungeon, and saw 7 of its levels.

You collected 208 gold pieces.
You spent 105 gold pieces at shops.

Inventory:

Hand Weapons
 a - a +2 quarterstaff (weapon)
 b - a +0 short sword
 e - a +0 dagger
Missiles
 p - 17 boomerangs (quivered)
 t - 5 boomerangs of dispersal
Armour
 d - a +0 robe (worn)
 i - a +0 pair of gloves (worn)
 m - a scarf of invisibility (worn)
 B - a +0 pair of boots (worn)
Jewellery
 y - an amulet of guardian spirit (around neck)
Wands
 n - a wand of mindburst (24)
 C - a wand of iceblast (7)
Scrolls
 h - a scroll of noise {unknown}
 j - 3 scrolls of magic mapping
 o - a scroll of enchant armour {unknown}
 r - 2 scrolls of immolation {unknown}
 u - a scroll of fog
 v - a scroll of fear
 z - 2 scrolls of teleportation {unknown}
 A - a scroll of enchant weapon {unknown}
Potions
 c - 2 potions of curing
 f - a potion of resistance
 g - a potion of mutation {unknown}
 k - a potion of berserk rage {unknown}
 l - a potion of invisibility
 q - 2 potions of flight
 s - a potion of might
 w - 3 potions of attraction
 x - 2 potions of brilliance {unknown}


   Skills:
 + Level 6.0 Fighting
 + Level 3.7 Short Blades
 + Level 3.7 Long Blades
 + Level 4.6 Axes
 + Level 3.7 Maces & Flails
 + Level 3.7 Polearms
 + Level 7.6 Staves
 + Level 3.7 Slings
 + Level 3.7 Bows
 + Level 3.7 Crossbows
 + Level 3.7 Throwing
 + Level 3.7 Armour
 + Level 6.0 Dodging
 + Level 5.6 Stealth
 + Level 3.7 Shields
 + Level 3.7 Unarmed Combat
 + Level 3.7 Spellcasting
 + Level 3.0 Conjurations
 + Level 3.0 Hexes
 + Level 3.0 Summonings
 + Level 3.0 Necromancy
 + Level 3.0 Translocations
 + Level 3.0 Transmutations
 + Level 3.0 Fire Magic
 + Level 3.0 Ice Magic
 + Level 3.0 Air Magic
 + Level 3.0 Earth Magic
 + Level 3.0 Poison Magic
 + Level 4.1 Invocations
 + Level 3.7 Evocations


You had 14 spell levels left.
You didn't know any spells.
Your spell library contained the following spells:

 Spells                   Type           Power      Damage    Failure   Level
 Portal Projectile        Hex/Tloc       16%        N/A       22%         3
 Blade Hands              Tmut           4%         N/A       90%         5
 Excruciating Wounds      Necr           4%         N/A       90%         5


Dungeon Overview and Level Annotations

Branches:
Dungeon (6/15)             Temple (1/1) D:5

Altars:
Ashenzari
Cheibriados
Elyvilon
Fedhas
Gozag
Hepliaklqana
Kikubaaqudgha
Makhleb
Nemelex Xobeh
Okawaru
Qazlal
Ru
Sif Muna
Trog
Uskayaw
Vehumet
Wu Jian
Xom
Yredelemnul
Zin
The Shining One

Shops:
D:2 (   D:4 ?


Innate Abilities, Weirdness & Mutations

Your life essence is reduced to manifest your ancestor. (-10% HP)
You have very sharp teeth.
Your uncanny sense of smell can sniff out nearby items.
Your experience applies equally to all skills.


Message History

Found a scroll labelled KICUSY RIKLU.
z - 2 scrolls labelled KICUSY RIKLU (gained 1)
You swap places.
You swap places.
Found a stone staircase leading down.
You swap places.
There is a stone staircase leading down here.
A troll is nearby!
A troll is nearby!
Found the -2 hat of Moox {rElec rCorr Dex+4}.
Found the +27 Lear's hauberk.
Found a -2 pair of gloves and a -2 pair of boots.
You hit the troll.
The troll is lightly wounded.
The troll bites you. The troll claws you! The troll claws you.
You hit the troll but do no damage.
The troll is lightly wounded.
The troll barely misses you. x2; The troll completely misses you.
You closely miss the troll.
The troll is lightly wounded.
The troll bites you. The troll barely misses you. The troll claws you!
Osbert barely misses the troll.
You closely miss the troll. You bite the troll.
The troll is lightly wounded.
The troll bites you! The troll claws you. The troll closely misses you.
Osbert hits the troll.
You are too injured to fight recklessly!
You are too injured to fight recklessly!
You hit the troll.
The troll is heavily wounded.
The troll completely misses you. The troll closely misses you.
The troll claws you.
Osbert closely misses the troll.
You thump the troll!
The troll is severely wounded.
The troll bites you!
* * * LOW HITPOINT WARNING * * *
The troll claws you.
* * * LOW HITPOINT WARNING * * *
The troll claws you.
You die...

...............##.#.#
..#........##..##.#.#
..#.................#
.##........##..##.### .
........... #...### #..
...>.......##>..#[# .'..
..#.............#'#.....
..#......######.....#
..# ##. ∆#.@...#∆ ###
#'.RT..'# ##
............. . ...
#...##'.....'##. .. ....
.... [#...8.#[# ... ....
#...###.....###.. ##.#
.#.......#'#.... #...#
.......#.. [#..# .....
.......... #.####.##


You could see the friendly Osbert the ancestor and a troll (ally target).

Vanquished Creatures
  Eustachio (D:4)
  Duvessa (D:6)
  An ice beast (D:5)
  2 necrophages
  2 ogres (D:5)
  A centaur (D:5)
  A phantom (D:5)
  A water moccasin zombie (D:5)
  A wyvern zombie (D:5)
  A scorpion (D:6)
  A bullfrog zombie (D:5)
  3 hounds
  A jelly (D:5)
  An orc priest (D:5)
  Terence (D:2)
  An iguana (D:5)
  An orc wizard (D:3)
  3 adders
  11 gnolls
  A howler monkey skeleton (D:5)
  An ufetubus (D:5)
  An adder skeleton (D:2)
  3 worms
  5 dart slugs
  13 orcs
  5 endoplasms
  5 giant cockroaches
  4 hobgoblins
  2 jackals (D:1)
  3 kobolds
  2 quokkas
  3 ball pythons
  7 bats
  3 frilled lizards
  4 goblins
  2 rats
99 creatures vanquished.

Vanquished Creatures (collateral kills)
  Dowan (D:6)
  A howler monkey (D:6)
  An orc (D:6)
3 creatures vanquished.

Vanquished Creatures (others)
  An ancestor (D:6)
1 creature vanquished.

Grand Total: 103 creatures vanquished

Notes
Turn   | Place    | Note
-------+----------+-------------------------------------------
     0 | D:1      | MisterFreud the Gnoll Wanderer began the quest for the Orb.
     0 | D:1      | MisterFreud set off with the following items: a +2
                  | quarterstaff, a +0 short sword, a potion of curing, a +0
                  | robe, a +0 dagger
     0 | D:1      | Reached XP level 1. HP: 20/20 MP: 1/1
   118 | D:1      | Reached XP level 2. HP: 26/26 MP: 2/2
   730 | D:2      | Reached XP level 3. HP: 27/31 MP: 3/3
   879 | D:2      | Found Toduged's Antique Weapon Shop.
  1041 | D:2      | Found a radiant altar of Vehumet.
  1119 | D:2      | Noticed Terence
  1444 | D:3      | Reached skill level 1 in Invocations
  1648 | D:3      | Reached skill level 1 in Short Blades
  1648 | D:3      | Reached skill level 1 in Long Blades
  1648 | D:3      | Reached skill level 1 in Maces & Flails
  1648 | D:3      | Reached skill level 1 in Polearms
  1648 | D:3      | Reached skill level 1 in Slings
  1648 | D:3      | Reached skill level 1 in Bows
  1648 | D:3      | Reached skill level 1 in Crossbows
  1648 | D:3      | Reached skill level 1 in Throwing
  1648 | D:3      | Reached skill level 1 in Armour
  1648 | D:3      | Reached skill level 1 in Shields
  1648 | D:3      | Reached skill level 1 in Unarmed Combat
  1648 | D:3      | Reached skill level 1 in Spellcasting
  1648 | D:3      | Reached skill level 1 in Evocations
  1809 | D:3      | Reached XP level 4. HP: 32/38 MP: 5/5
  1974 | D:3      | Reached skill level 1 in Conjurations
  1974 | D:3      | Reached skill level 1 in Hexes
  1974 | D:3      | Reached skill level 1 in Summonings
  1974 | D:3      | Reached skill level 1 in Necromancy
  1974 | D:3      | Reached skill level 1 in Translocations
  1974 | D:3      | Reached skill level 1 in Transmutations
  1974 | D:3      | Reached skill level 1 in Fire Magic
  1974 | D:3      | Reached skill level 1 in Ice Magic
  1974 | D:3      | Reached skill level 1 in Air Magic
  1974 | D:3      | Reached skill level 1 in Earth Magic
  1974 | D:3      | Reached skill level 1 in Poison Magic
  2008 | D:3      | Found a glowing silver altar of Zin.
  2015 | D:3      | Reached XP level 5. HP: 43/43 MP: 5/7
  2811 | D:4      | Found Tubrit's Magic Scroll Boutique.
  2819 | D:4      | Bought a scroll of fog for 28 gold pieces
  2819 | D:4      | Bought a scroll of fear for 49 gold pieces
  2819 | D:4      | Bought a scroll of identify for 28 gold pieces
  2859 | D:4      | Noticed a necrophage
  2867 | D:4      | Killed a necrophage
  2868 | D:4      | Reached XP level 6. HP: 47/50 MP: 8/8
  2919 | D:4      | Found an opulent altar of Gozag.
  2943 | D:4      | Noticed Eustachio
  3258 | D:4      | Killed Eustachio
  3259 | D:4      | Reached skill level 5 in Fighting
  3259 | D:4      | Reached skill level 5 in Dodging
  3365 | D:4      | Found a sparkling altar of Nemelex Xobeh.
  3589 | D:5      | Entered Level 5 of the Dungeon
  3595 | D:5      | Reached skill level 7 in Staves
  3595 | D:5      | Reached XP level 7. HP: 56/56 MP: 10/10
  3977 | D:2      | Killed Terence
  4434 | D:5      | Reached skill level 5 in Stealth
  4984 | D:5      | Reached XP level 8. HP: 32/63 MP: 4/12
  5618 | D:5      | Found a staircase to the Ecumenical Temple.
  5652 | Temple   | Entered the Ecumenical Temple
  5840 | Temple   | Became a worshipper of Hepliaklqana the Forgotten
  6374 | D:5      | Found a glowing golden altar of the Shining One.
  6375 | D:5      | Found a basalt altar of Yredelemnul.
  6376 | D:5      | Found a white marble altar of Elyvilon.
  6377 | D:5      | Found a stormy altar of Qazlal.
  6760 | D:6      | Noticed a troll
  6804 | D:6      | Reached * piety under Hepliaklqana
  6917 | D:6      | Noticed Dowan
  6923 | D:6      | Noticed Duvessa
  6953 | D:6      | Killed Dowan
  6960 | D:6      | Killed Duvessa
  7597 | D:6      | Found the +27 Lear's hauberk
  7604 | D:6      | Slain by a troll

Illustrated notes

Levels and vault maps discovered:
D:1:      eino_arrival_water_star, layout_basic, minivault_24, st_stairs_8
D:2:      layout_basic, serial_shops, shop, basic_altar, grunt_decor_fettered,
          uniq_terence
D:3:      layout_basic, mainiacjoe_overflow_paths
D:4:      layout_cave_pools, mainiacjoe_overflow_brackets, grunt_gozag_statues,
          serial_shops, shop, minmay_strange_pillars, uniq_eustachio
D:5:      kennysheep_spiral_hall, layout_cave_pods,
          mainiacjoe_overflow_alcove_3, minmay_temple_entry_large_hall
D:6:      layout_basic, hangedman_decor_clover_reticule,
          hellmonk_guarded_unrand_lears, uniq_duvessa, uniq_pikel
Temple:   eino_temple_water

Skill      XL: |  1  2  3  4  5  6  7  8 |
---------------+-------------------------+-----
Invocations    | 1 2 3 4 |  4.1
Short Blades   | 1 2 3 |  3.7
Long Blades    | 1 2 3 |  3.7
Maces & Flails | 1 2 3 |  3.7
Polearms       | 1 2 3 |  3.7
Slings         | 1 2 3 |  3.7
Bows           | 1 2 3 |  3.7
Crossbows      | 1 2 3 |  3.7
Throwing       | 1 2 3 |  3.7
Armour         | 1 2 3 |  3.7
Shields        | 1 2 3 |  3.7
Unarmed Combat | 1 2 3 |  3.7
Spellcasting   | 1 2 3 |  3.7
Evocations     | 1 2 3 |  3.7
Conjurations   | 1 2 3 |  3.0
Hexes          | 1 2 3 |  3.0
Summonings     | 1 2 3 |  3.0
Necromancy     | 1 2 3 |  3.0
Translocations | 1 2 3 |  3.0
Transmutations | 1 2 3 |  3.0
Fire Magic     | 1 2 3 |  3.0
Ice Magic      | 1 2 3 |  3.0
Air Magic      | 1 2 3 |  3.0
Earth Magic    | 1 2 3 |  3.0
Poison Magic   | 1 2 3 |  3.0
Axes           | 3 4 |  4.6
Fighting       | 5 6 |  6.0
Dodging        | 5 6 |  6.0
Staves         | 7 |  7.6
Stealth        | 5 |  5.6

Action                   |  1- 3 |  4- 6 |  7- 9 || total
-------------------------+-------+-------+-------++-------
Melee: Quarterstaff      |    83 |    99 |   221 ||   403
       Bite              |     7 |    12 |    30 ||    49
  Use: Scroll            |       |     6 |     1 ||     7
       Potion            |       |       |     2 ||     2
 Stab: Sleeping          |    10 |     7 |     8 ||    25
       Distracted        |       |       |     1 ||     1
Armor: Robe              |    17 |    20 |    21 ||    58
Dodge: Dodged            |    56 |    83 |   144 ||   283
